 Dungeon Crawl Stone Soup version 0.30-a0-718-geaa24f58ff (webtiles) character file.

Game seed: 10294449206736763585

420 ASSMAN the Ruffian (level 6, -4/70 HPs)
             Began as a Demonspawn Berserker on Jan 25, 2023.
             Was a Believer of Trog.
             Killed from afar by an orc (19 damage)
             ... with a bolt of acid
             ... on level 5 of the Dungeon.
             The game lasted 00:02:52 (4570 turns).

ASSMAN the Ruffian (Demonspawn Berserker)           Turns: 4570, Time: 00:02:53

Health: -4/70      AC:  2    Str: 19    XL:     6   Next: 62%
Magic:  6/6        EV: 12    Int:  9    God:    Trog [**....]
Gold:   296        SH:  0    Dex: 12    Spells: 5/5 levels left

rFire   . . .      SeeInvis .      - Unarmed
rCold   . . .      Faith    .    (no shield)
rNeg    . . .      Spirit   .    a - +0 animal skin
rPois   .          Reflect  .    (no helmet)
rElec   .          Harm     .    (no cloak)
rCorr   .          Rampage  .    (no gloves)
Will    .....                    (no boots) Stlth
                                 b - amulet of magic regeneration
HPRegen 0.31/turn                (no ring)
MPRegen 0.50/turn                (no ring)

@: berserking, very quick
A: claws 2
a: Renounce Religion, Berserk, Trog's Hand


You were on level 5 of the Dungeon.
You worshipped Trog.
Trog was pleased with you.
You visited 1 branch of the dungeon, and saw 5 of its levels.

You collected 296 gold pieces.

Inventory:

Armour
 a - a +0 animal skin (worn)
 l - a +0 scale mail
Jewellery
 b - an amulet of magic regeneration (around neck)
 f - an amulet of faith
 i - a +4 ring of protection
 j - an amulet of regeneration
 k - a ring of positive energy
Wands
 n - a wand of charming (12)
Scrolls
 c - 3 scrolls of identify {unknown}
 g - a scroll of blinking {unknown}
 o - 2 scrolls of enchant weapon {unknown}
 s - 2 scrolls of brand weapon {unknown}
 u - a scroll of butterflies {unknown}
 v - a scroll of amnesia {unknown}
 w - a scroll of torment {unknown}
 x - a scroll of magic mapping {unknown}
 y - a scroll of noise {unknown}
Potions
 d - 2 potions of degeneration {unknown}
 e - 2 potions of curing {unknown}
 h - a potion of flight {unknown}
 m - 2 potions of brilliance {unknown}
 p - 2 potions of attraction {unknown}
 q - 2 potions of lignification {unknown}
 r - a potion of haste {unknown}
 t - 2 potions of mutation {unknown}
 z - 2 potions of heal wounds {unknown}


   Skills:
 - Level 3.0 Fighting
 - Level 1.7 Armour
 - Level 1.7 Dodging
 + Level 6.9 Unarmed Combat


You had 5 spell levels left.
You didn't know any spells.
Your spell library contained the following spells:

 Spells                   Type           Power      Damage    Failure   Level
 Blink                    Tloc           0%         N/A       52%         2
 Lesser Beckoning         Tloc           0%         N/A       52%         2
 Momentum Strike          Conj/Tloc      0%         3d8       52%         2
 Sublimation of Blood     Necr           0%         N/A       52%         2
 Petrify                  Tmut/Erth      0%         N/A       99%         4
 Irradiate                Conj/Tmut      0%         3d11      100%        5


Dungeon Overview and Level Annotations

Branches:
Dungeon (5/15)
 Temple: D:4-7

Altars:
Nemelex Xobeh

Shops:
D:3 ?


Innate Abilities, Weirdness & Mutations

You have very sharp fingernails.


Message History

The orc closely misses you.
You are too confused!
You barely miss the orc. Your claw misses the orc. The orc closely misses you.
You claw the orc!
You kill the orc!
Trog accepts your kill. The orc hits you with a +0 falchion.
The hound attacks as you move away! The hound bites you.
An orc comes into view.
It is wielding a +0 falchion and carrying a wand of acid (10).
The orc shouts!
The orc hits you with a +0 falchion.
You bump into the rock wall.
You feel less confused. The hound barely misses you. The hound misses you.
You barely miss the hound. The hound barely misses you.
The orc barely misses you.
You scratch the hound.
The hound is lightly wounded.
The hound closely misses you. The orc hits you with a +0 falchion.
A red film seems to cover your vision as you go berserk!
You feel yourself moving faster!
You feel mighty! The hound bites you. The hound barely misses you.
The orc hits you with a +0 falchion.
An orc comes into view.
It is wielding a +1 long sword of electrocution.
You miss the hound.
The hound is lightly wounded.
The orc shouts!
The hound bites you.
You claw the hound!
You kill the hound!
Trog accepts your kill.
The orc zaps a wand.
The bolt of acid hits you!!
* * * LOW HITPOINT WARNING * * *
The orc hits you but does no damage.
You scratch the orc.
The orc is heavily wounded.
You scratch the orc.
You kill the orc!
Trog accepts your kill.
The orc zaps a wand.
The bolt of acid hits you!!
You die...

.# #.# #.#..#...#.#
.# #.# #.#......#.#
.# #.# ##...####^#.#
.####.###...## #.#.#
.#....#....## #.#.#
...###..##.# #.#.#
#......###.######.#.#
#### ##..####
#......).#.# ...#
#>##
#######@.#.###.#.#
### #..o.)).$.....#
.....##.#.##.#.###.##
.... #.............#
... ###.##.#......#
.. #.....#.##..## .
.......... ..#
###..####### # #..#


You could see an orc.

Vanquished Creatures
  An ogre (D:4)
  A necrophage (D:5)
  A jelly (D:4)
  2 hounds
  An iguana (D:5)
  An orc wizard (D:5)
  2 adders
  3 white imps
  4 dart slugs
  13 orcs
  4 ball pythons
  2 bats (D:1)
  3 endoplasms
  3 giant cockroaches
  6 goblins
  5 hobgoblins
  4 jackals (D:3)
  3 quokkas
  A kobold (D:3)
  A rat (D:3)
61 creatures vanquished.

Notes
Turn   | Place    | Note
-------+----------+-------------------------------------------
     0 | D:1      | ASSMAN the Demonspawn Berserker began the quest for the
                  | Orb.
     0 | D:1      | Reached XP level 1. HP: 18/18 MP: 1/1
    80 | D:1      | Reached skill level 3 in Unarmed Combat
   265 | D:1      | Gained mutation: You have sharp fingernails. [demonic
                  | ancestry]
   265 | D:1      | Reached XP level 2. HP: 23/24 MP: 2/2
  1966 | D:3      | Gained mutation: You have very sharp fingernails. [demonic
                  | ancestry]
  1966 | D:3      | Reached XP level 3. HP: 26/29 MP: 3/3
  2027 | D:3      | Found Dymogyur's Magic Scroll Emporium.
  2161 | D:3      | Reached skill level 4 in Unarmed Combat
  2494 | D:3      | Found a sparkling altar of Nemelex Xobeh.
  2632 | D:3      | Reached ** piety under Trog
  3046 | D:4      | Reached XP level 4. HP: 35/35 MP: 4/4
  3147 | D:4      | Noticed an ogre
  3156 | D:4      | Killed an ogre
  3157 | D:4      | Reached skill level 5 in Unarmed Combat
  3157 | D:4      | Reached XP level 5. HP: 12/41 MP: 5/5
  3438 | D:4      | Reached skill level 6 in Unarmed Combat
  3909 | D:5      | Entered Level 5 of the Dungeon
  4488 | D:5      | Reached XP level 6. HP: 47/47 MP: 6/6
  4570 | D:5      | Killed from afar by an orc

Illustrated notes

Levels and vault maps discovered:
D:1:      wheals_arrival_linesprint, layout_rooms, serial_curves,
          eino_curves_04, eino_curves_01
D:2:      layout_basic, st_stairs_14, patterned_corridor
D:3:      layout_loops_ring, nemelex_spade_bored_becter, serial_shops,
          nicolae_shop_stone, serial_bayou_crossing
D:4:      layout_loops_corners
D:5:      layout_basic

Skill      XL: |  1  2  3  4  5 |
---------------+----------------+-----
Unarmed Combat | 3 4 5 6 |  6.9
Fighting       | |  3.0
Armour         | |  1.7
Dodging        | |  1.7

Action                     |  1- 3 |  4- 6 || total
---------------------------+-------+-------++-------
  Melee: Unarmed           |   111 |    81 ||   192
         Punch             |       |     3 ||     3
 Invoke: Berserk           |       |     2 ||     2
   Stab: Sleeping          |     2 |     1 ||     3
 Armour: Animal skin       |    20 |     4 ||    24
  Dodge: Dodged            |    65 |    35 ||   100

Table legend: (Time is in decaauts)
 A = Elapsed time spent in this place.
 B = Non-inter-level travel time spent in this place.
 C = Inter-level travel time spent in this place.
 D = Time resting spent in this place.
 E = Time spent auto-exploring this place.
 F = Levels seen in this place.
 G = Mean time per level.
                   A        B        C        D        E       F      G
               +--------+--------+--------+--------+--------+-----+--------+
         Total |   4570 |   4366 |    204 |    210 |   3716 |   5 |  914.0 |
       Dungeon |   4570 |   4366 |    204 |    210 |   3716 |   5 |  914.0 |
               +--------+--------+--------+--------+--------+-----+--------+

Top non-repeatable levels by time:
     D:2: 1179 daAuts
     D:4: 1060 daAuts
     D:3: 940 daAuts
     D:1: 734 daAuts
     D:5: 654 daAuts
